 Dungeon Crawl Stone Soup version 0.19-a0-1384-gbb462ca (webtiles) character file.

66 4thArraOfDagon the Ruffian (level 3, -7/31 HPs)
             Began as a Troll Ice Elementalist on Sept 3, 2016.
             Mangled by an ogre
             ... wielding a +0 giant club
              (19 damage)
             ... on level 4 of the Dungeon.
             The game lasted 00:02:36 (427 turns).

4thArraOfDagon the Ruffian (Troll Ice Elementalist)  Turns: 427, Time: 00:02:36

Health: -7/31      AC:  5    Str: 16    XL:     3   Next: 96%
Magic:  3/3        EV: 10    Int: 17    God:
Gold:   63         SH:  0    Dex: 10    Spells: 1 memorised, 3 levels left

rFire  . . .     SeeInvis .       - Unarmed
rCold  . . .     Gourm    +     a - +0 robe
rNeg   . . .     Faith    +     (no shield)
rPois  .         Spirit   .     (helmet restricted)
rElec  .         Dismiss  .     (no cloak)
rCorr  .         Reflect  .     (gloves unavailable)
MR     .....     Harm     .     (boots unavailable)
Stlth  ++........               j - amulet of faith
                                (no ring)
                                g - ring of stealth

@: brilliant
A: unfitting armour, claws 3, fast metabolism 3, gourmand, regeneration 1,
shaggy fur 1, tough skin 2
a: no special abilities


You were on level 4 of the Dungeon.
You were very hungry.

You visited 1 branch of the dungeon, and saw 4 of its levels.

You collected 63 gold pieces.

Inventory:

Armour
 a - a +0 robe (worn)
Jewellery
 g - a ring of stealth (left claw)
 j - an amulet of faith (around neck)
Scrolls
 d - a scroll of teleportation {unknown}
 e - a scroll of enchant armour {unknown}
 h - a scroll of amnesia {unknown}
 i - a scroll of blinking {unknown}
 k - 2 scrolls of magic mapping {unknown}
Potions
 l - a potion of brilliance
Books
 b - a book of Frost

   Spells                             Type                      Level
   a - Freeze                         Ice                          1
   b - Throw Frost                    Conjuration/Ice              2
   c - Ozocubu's Armour               Charms/Ice                   3
   d - Throw Icicle                   Conjuration/Ice              4
   e - Summon Ice Beast               Ice/Summoning                4
Comestibles
 c - 2 bread rations
 f - a beef jerky


   Skills:
 - Level 1.5 Dodging
 - Level 1.1 Stealth
 * Level 3.6 Unarmed Combat
 - Level 1.2 Spellcasting
   Level 0.6 Conjurations
 - Level 2.1 Ice Magic


You had 3 spell levels left.
You knew the following spells:

 Your Spells              Type           Power        Failure   Level  Hunger
a - Freeze                Ice            ###.         1%          1    ##.....


Dungeon Overview and Level Annotations

Branches:
Dungeon (4/15)
 Temple: D:4-7

Altars:

Annotations:
D:4 Canard's ghost, amateur MiMo


Innate Abilities, Weirdness & Mutations

You are too large for most types of armour.
You have claws for hands.
Your metabolism is lightning-fast.
You like to eat raw meat.
Your natural rate of healing is unusually fast.
You are covered in fur. (AC +1)
You have very tough skin. (AC +2)


Message History

Unknown command.
Unknown command.
You are feeling very hungry.
Canard's ghost keens inconsolably.
You barely miss the phantom.
The phantom is severely damaged.
The phantom blinks!
Unknown command.
You scratch the phantom but do no damage.
The phantom is severely damaged.
The phantom blinks!
Unknown command.
An ogre comes into view. It is wielding a giant club.
Unknown command.
The ogre shouts!
Unknown command.
Unknown command.
The ogre hits you with a giant club!!
Ouch! That really hurt!
You die...

.....# .....# ####
.....# ...# ...$.#
#.#.####
.....#########.#.O..#
#'##.##.(.......@W#
#.##.##.#####.###W#.#
.................>..#
#.##....#.#.#########
#'#######.#.# #...#
........#.#.# #.#.#
<.......#.#.# #<..#
........#W#.####.###
.................#


You could see a phantom, an ogre and Canard's ghost.

Vanquished Creatures
  A scorpion (D:3)
  A dart slug (D:2)
  A giant gecko (D:1)
  An orc (D:3)
  2 bats (D:1)
  2 goblins
  2 hobgoblins (D:1)
  A giant newt (D:3)
  2 kobolds
  3 rats
16 creatures vanquished.

Notes
Turn   | Place    | Note
-------+----------+-------------------------------------------
     0 | D:1      | 4thArraOfDagon the Troll Ice Elementalist began the quest for the Orb.
     0 | D:1      | Reached XP level 1. HP: 16/16 MP: 1/1
    19 | D:1      | Reached skill level 1 in Unarmed Combat
    47 | D:1      | Reached XP level 2. HP: 24/24 MP: 2/2
   172 | D:2      | Reached skill level 2 in Unarmed Combat
   192 | D:4      | Noticed an ogre
   248 | D:4      | Noticed a phantom
   260 | D:4      | Noticed a scorpion
   319 | D:3      | Killed a scorpion
   319 | D:3      | Reached skill level 3 in Unarmed Combat
   319 | D:3      | Reached XP level 3. HP: 28/31 MP: 3/3
   331 | D:4      | Noticed Canard's ghost (amateur MiMo)
   425 | D:4      | Noticed an ogre
   427 | D:4      | Mangled by an ogre

Vault maps used:
D:1:      dpeg_arrival_water_altar
D:2:      gammafunk_temple_overflow_pools, ashenzari_altar_1, uniq_natasha,
          uniq_robin, uniq_iyjb
D:3:      uniq_sigmund
D:4:      nemelex_xobeh_ov_fountains_minmay

Skill      XL: |  1  2 |
---------------+-------+-----
Unarmed Combat | 1 3 |  3.6
Dodging        | |  1.5
Stealth        | |  1.1
Spellcasting   | |  1.2
Conjurations   | |  0.6
Ice Magic      | |  2.1

Action                   || total
-------------------------++-------
Melee: Unarmed           ||    61
  Use: Potion            ||     2
Armor: Robe              ||    16
Dodge: Dodged            ||    24
